 Dungeon Crawl Stone Soup version 0.29.1-1-gd02db6906a (webtiles) character file.

Game seed: 756667827931948837

6 croobank the Caller (level 1, -3/7 HPs)
             Began as a Felid Summoner on Sept 17, 2022.
             Slain by a quokka (5 damage)
             ... on level 1 of the Dungeon.
             The game lasted 00:03:16 (526 turns).

croobank the Caller (Felid Summoner)                 Turns: 526, Time: 00:03:17

Health: -3/7       AC:  1    Str:  4    XL:     1   Next: 75%
Magic:  2/4        EV: 17    Int: 16    God:
Gold:   0          SH:  0    Dex: 16    Spells: 3/4 levels left
                                        Lives:  0   Deaths: 0

rFire   . . .      SeeInvis +   (weapon unavailable)
rCold   . . .      Faith    .   (shield unavailable)
rNeg    + . .      Spirit   .   (body armour unavailable)
rPois   .          Reflect  .   (helmet unavailable)
rElec   .          Harm     .   (cloak unavailable)
rCorr   .          Rampage  .   (gloves unavailable)
Will    .....                   (boots unavailable)
Stlth   ++........              (no amulet)
HPRegen 0.02/turn               b - ring of positive energy
MPRegen 0.09/turn               (no ring)

@: quick
A: very small, claws 1, fangs 3, see invisible, speed 1, shaggy fur 1, stealthy
paws, no weapons or thrown items, no armour, multi-lived
a: no special abilities


You were on level 1 of the Dungeon.
You visited 1 branch of the dungeon, and saw 1 of its levels.

Inventory:

Jewellery
 b - a ring of positive energy (left paw)
Scrolls
 c - 2 scrolls of teleportation {unknown}
 d - a scroll of identify {unknown}
Potions
 a - a potion of magic


   Skills:
 + Level 2.9 Dodging
 + Level 2.9 Stealth
 + Level 2.1 Spellcasting
 + Level 4.0 Summonings


You had 3 spell levels left.
You knew the following spells:

 Your Spells              Type           Power      Damage    Failure   Level
a - Summon Small Mammal   Summ           56%        N/A       3%          1

Your spell library contained the following spells:

 Spells                   Type           Power      Damage    Failure   Level
 Call Imp                 Summ           14%        N/A       6%          2
 Call Canine Familiar     Summ           14%        N/A       12%         3
 Summon Guardian Golem    Hex/Summ       8%         N/A       26%         3
 Summon Lightning Spire   Summ/Air       8%         N/A       65%         4


Dungeon Overview and Level Annotations

Branches:
Dungeon (1/15)

Altars:


Innate Abilities, Weirdness & Mutations

You have sharp claws.
You have razor-sharp teeth.
You have supernaturally acute eyesight. (SInv)
You cover ground quickly. (Speed+)
You are covered in fur. (AC +1)
Your paws help you pounce on unaware monsters.
You are incapable of wielding weapons or throwing items.
You cannot wear armour.
You gain extra lives every three experience levels.


Message History

The jackal closely misses you.
You swap places.
The jackal bites your quokka but does no damage.
Your quokka bites the jackal.
The jackal misses your quokka. The jackal closely misses your quokka.
Your quokka closely misses the jackal.
The jackal closely misses your quokka.
Your quokka misses the jackal.
The jackal bites your quokka but does no damage.
Your quokka bites the jackal.
The jackal dies!
You start resting.
Magic restored.
You start resting.
Your quokka disappears in a puff of smoke!
HP restored.
A quokka comes into view.
Found 5 large rocks.
Casting: Summon Small Mammal (safe; 3% risk of failure)
Confirm with . or Enter, or press ? or * to list all spells.
Casting: Summon Small Mammal (safe; 3% risk of failure)
Confirm with . or Enter, or press ? or * to list all spells.
The quokka bites your bat.
Your bat barely misses the quokka.
Your quokka bites the quokka but does no damage.
Your bat hits the quokka but does no damage.
You closely miss the quokka.
Your bat hits the quokka but does no damage.
Your bat closely misses the quokka.
The quokka misses you.
Your quokka completely misses the quokka.
Your bat closely misses the quokka.
Unknown command.
You scratch the quokka. Your bite misses the quokka.
The quokka is severely wounded.
Your bat barely misses the quokka.
The quokka bites you.
Ouch! That really hurt!
* * * LOW HITPOINT WARNING * * *
Your bat hits the quokka.
Your quokka barely misses the quokka.
The quokka bites you.
Ouch! That really hurt!
You die... #♣PP..P ### #. #PPP♣♣ #.. .. #P.♣P♣ #.##. #.P.♣ #.#.( #.P♣.P♣ #.#.# #.♣.PPP #.#.# #P..♣.P ###r#.# #♣.PPPP

##...rb#
#############...@###
##....#.....#..###
#.##.#.###....#
#.##.#.#.#...##
##.##.#.#.....#
.#..........#.#
.#..#.#.#.#.#.#
....#.#.#.#.#÷#
##>##.#.#...#.#


You could see a quokka (ally target), a friendly quokka (summoned) and a
friendly bat (summoned).

Vanquished Creatures
  A bat (D:1)
  2 jackals (D:1)
  A rat (D:1)
4 creatures vanquished.

Vanquished Creatures (collateral kills)
  A jackal (D:1)
1 creature vanquished.

Grand Total: 5 creatures vanquished

Notes
Turn   | Place    | Note
-------+----------+-------------------------------------------
     0 | D:1      | croobank the Felid Summoner began the quest for the Orb.
     0 | D:1      | Reached XP level 1. HP: 7/7 MP: 4/4
   526 | D:1      | Slain by a quokka

Illustrated notes

Levels and vault maps discovered:
D:1:      minmay_arrival_arboretum_large, layout_basic,
          ebering_ecumenical_altar_mist

Action                   || total
-------------------------++-------
Melee: Unarmed           ||    16
       Bite              ||     2
 Cast: Summon Small Mamm ||     6
Armor: Skin              ||     1
Dodge: Dodged            ||    15
